 Dungeon Crawl Stone Soup version 0.27-a0-406-g23f261fbd2 (webtiles) character file.

Game seed: 10646314454441616253

29624 tsouns the Thaumaturge (level 13, 0/86 HPs)
             Began as an Octopode Venom Mage on Feb 19, 2021.
             Was an Elder of Sif Muna.
             Slain by a manticore (1 damage)
             ... on level 6 of the Lair of Beasts on Feb 22, 2021.
             The game lasted 00:58:51 (27240 turns).

tsouns the Thaumaturge (Octopode Venom Mage)       Turns: 27240, Time: 00:58:52

Health: 0/86       AC:  1    Str:  7    XL:     13   Next: 46%
Magic:  18/27      EV: 14    Int: 27    God:    Sif Muna [****..]
Gold:   1106       SH: 11    Dex: 14    Spells: 7/33 levels left

rFire    . . .     SeeInvis .   B - +0 long sword (vorpal)
rCold    . . .     Faith    .   a - +1 buckler
rNeg     . . .     Spirit   .   (helmet restricted)
rPois    +         Reflect  +   h - amulet of reflection
rElec    .         Harm     .   o - +6 ring of intelligence
rCorr    +         Rampage  .   q - ring of poison resistance
Will     .....                  E - ring of wizardry
Stlth    +++++.....             L - ring of resist corrosion
HPRegen  0.24/turn              O - ring of wizardry
MPRegen  0.20/turn              (no ring)
                                (no ring)
                                (no ring)

@: barbed spikes, very slightly contaminated
A: almost no armour, stealthy swim, amphibious, 8 rings, constrict 8, camouflage
1, gelatinous body 1
a: Renounce Religion, Channel Magic, Forget Spell, Divine Exegesis


You were on level 6 of the Lair of Beasts.
You worshipped Sif Muna.
Sif Muna was greatly pleased with you.
You visited 3 branches of the dungeon, and saw 16 of its levels.

You collected 1106 gold pieces.

Inventory:

Hand Weapons
 n - a +2 dagger of venom
 x - a -1 eveningstar
 B - a +0 vorpal long sword (weapon)
Missiles
 p - 25 poisoned darts
 s - a throwing net
 I - 3 datura-tipped darts
 N - 8 curare-tipped darts
Armour
 a - a +1 buckler (worn)
Jewellery
 h - an amulet of reflection (around mantle)
 l - an amulet of magic regeneration
 o - a +6 ring of intelligence (left tentacle)
 q - a ring of poison resistance (right tentacle)
 E - a ring of wizardry (on tentacle)
 K - a ring of fire
 L - a ring of resist corrosion (on tentacle)
 O - a ring of wizardry (on tentacle)
Wands
 t - a wand of polymorph (27)
 w - a wand of random effects (3)
 y - a wand of flame (38)
 A - a wand of charming (5)
 C - a wand of paralysis (9)
 F - a wand of digging (5)
 M - a wand of acid (12)
Scrolls
 e - 7 scrolls of teleportation
 g - a scroll of fog
 v - 3 scrolls of amnesia
 H - 2 scrolls of enchant armour
 J - 5 scrolls of identify
Potions
 b - 5 potions of brilliance
 c - 4 potions of flight
 d - 2 potions of magic
 f - a potion of attraction
 i - 3 potions of lignification
 j - 4 potions of haste
 k - 3 potions of curing
 m - 5 potions of ambrosia
 r - 3 potions of cancellation
 u - 2 potions of degeneration
 z - 3 potions of invisibility
 D - a potion of heal wounds
 G - a potion of resistance


   Skills:
 - Level 7.5 Fighting
 - Level 3.2 Dodging
 - Level 10.2 Stealth
 - Level 4.0 Shields
 + Level 10.9 Spellcasting
 + Level 10.5 Conjurations
 + Level 6.1 Summonings
 - Level 2.0 Transmutations
 - Level 4.3 Fire Magic
 - Level 2.1 Air Magic
 - Level 6.2 Earth Magic
 - Level 7.6 Poison Magic
 + Level 0.1 Invocations


You had 7 spell levels left.
You knew the following spells:

 Your Spells              Type           Power        Failure   Level
a - Sting                 Tmut/Pois      100%         1%          1
b - Poisonous Vapours     Pois/Air       82%          1%          2
c - Mephitic Cloud        Conj/Pois/Air  50%          1%          3
d - Ignite Poison         Fire/Tmut/Pois 39%          1%          3
e - Olgreb's Toxic Radia  Pois           54%          1%          4
f - Iron Shot             Conj/Erth      28%          5%          6
g - Spellforged Servitor  Conj/Summ      28%          26%         7

Your spell library contained the following spells:

 Spells                   Type           Power        Failure   Level
 Animate Skeleton         Necr           28%          1%          1
 Apportation              Tloc           28%          1%          1
 Corona                   Hex            15%          1%          1
 Foxfire                  Conj/Fire      100%         1%          1
 Magic Dart               Conj           100%         1%          1
 Summon Small Mammal      Summ           100%         1%          1
 Blink                    Tloc           N/A          1%          2
 Call Imp                 Summ           48%          1%          2
 Passwall                 Tmut/Erth      30%          1%          2
 Searing Ray              Conj           100%         1%          2
 Slow                     Hex            14%          1%          2
 Conjure Flame            Conj/Fire      53%          1%          3
 Inner Flame              Hex/Fire       26%          1%          3
 Petrify                  Tmut/Erth      36%          1%          4
 Bolt of Magma            Conj/Fire/Erth 25%          1%          5
 Fireball                 Conj/Fire      26%          1%          5
 Iskenderun's Battlesphe  Conj           64%          1%          5
 Lee's Rapid Deconstruct  Erth           24%          2%          5
 Confusing Touch          Hex            14%          3%          3
 Gell's Gravitas          Tloc           7%           3%          3
 Portal Projectile        Hex/Tloc       28%          3%          3
 Leda's Liquefaction      Hex/Erth       15%          3%          4
 Cause Fear               Hex            7%           11%         4
 Orb of Destruction       Conj           32%          12%         7
 Yara's Violent Unravell  Hex/Tmut       10%          19%         5
 Metabolic Englaciation   Hex/Ice        7%           28%         5
 Statue Form              Tmut/Erth      24%          28%         6


Dungeon Overview and Level Annotations

Branches:
Dungeon (9/15)             Temple (0/1) D:6            Lair (6/6) D:9
 Shoals (1/4) Lair:2       Spider (0/4) Lair:4        Slime (0/5) Lair:5
    Orc (0/2) D:9

Altars:
Cheibriados
Elyvilon
Kikubaaqudgha
Ru
Sif Muna
Uskayaw
Yredelemnul
Zin
The Shining One

Shops:
D:8 [

Portals:
Abyss: Lair:5

Annotations:
Lair:5 2 transporters, Seod's ghost, journeyman FoAK


Innate Abilities, Weirdness & Mutations

You cannot wear most types of armour.
You are very stealthy in the water. (Stealth+)
You are amphibious.
You can wear up to eight rings at the same time.
You can use your tentacles to constrict eight enemies at once.
Your skin changes colour to match your surroundings (Stealth+).
Your rubbery body absorbs attacks. (AC +1, EV +1)


Message History

The manticore flicks its tail.
The volley of spikes misses you.
The manticore flicks its tail.
The volley of spikes reflects off an invisible shield around you!
The volley of spikes hits the manticore!
Casting: Iron Shot (dangerous; 5% risk of failure)
Confirm with . or Enter, or press ? or * to list all spells.
The spell is quite dangerous to cast (26% risk of failure)!
Continue anyway?
You miscast Spellforged Servitor.
Strange energies run through your body!
* * * LOW HITPOINT WARNING * * *
You feel sick.
The manticore flicks its tail.
The volley of spikes reflects off an invisible shield around you!
The volley of spikes misses the manticore.
You feel sick.
You feel better. Magic courses through your body.
The manticore flicks its tail.
The volley of spikes hits you!
The barbed spikes become lodged in your body.
* * * LOW HITPOINT WARNING * * *
Unknown command.
Casting: Spellforged Servitor (quite dangerous; 26% risk of failure)
Confirm with . or Enter, or press ? or * to list all spells.
Aiming: Poisonous Vapours (safe; 1% risk of failure)
Press: ? - help, Dir - move target, f - manticore
Aim: a manticore (heavily wounded) Poisonous vapours surround the manticore!
The manticore is engulfed in poison gas.
The manticore is poisoned.
Unknown command.
Casting: Poisonous Vapours (safe; 1% risk of failure)
Confirm with . or Enter, or press ? or * to list all spells.
Aiming: Sting (safe; 1% risk of failure)
Press: ? - help, Shift-Dir - straight line, f/p - manticore
Aim: a manticore (severely wounded, poisoned, 13% to evade)
The sting misses the manticore.
The manticore bites you!!
* * * LOW HITPOINT WARNING * * *
The manticore claws you.
You die...

## .# ##.# .# ##.####
#..# #####..#).## #..##
.#...[..P..### #...##
.......P.....# #P...#
#...#....#..#### #.H.##
..#.##..##..##P# #...#
..........P..P.####..##
†...............@H○..##
###.##......P.........#
# ###.#..##PP##.##...##
# ################## #
#


You could see a manticore (poisoned).

Vanquished Creatures
  A boulder beetle (Lair:6)
  3 hydras
  2 death yaks (Lair:5)
  An orb spider (Lair:4)
  Maurice (D:8)
  2 black mambas
  Maggie (D:8)
  10 cane toads
  3 rime drakes
  A queen bee (Lair:2)
  13 komodo dragons
  A troll (D:9)
  A polar bear (Lair:5)
  5 slime creatures
  18 blink frogs
  11 yaks
  2 basilisks
  4 wyverns
  A fire elemental (Lair:3)
  3 hogs
  Edmund (D:4)
  An acid dragon (D:9)
  15 water moccasins
  3 orc warriors
  A black bear (Lair:1)
  8 ogres
  An eye of draining (D:8)
  18 wolves
  6 centaurs
  6 bullfrogs
  9 scorpions
  15 killer bees (Lair:2)
  3 howler monkeys
  A bullfrog zombie (D:8)
  A lava snake (Lair:3)
  5 jellies (Lair:3)
  3 hounds
  4 gnoll shamans (D:7)
  6 orc priests
  Crazy Yiuf (D:6)
  An iron imp (D:6)
  3 iguanas
  8 orc wizards
  4 hell rats (Lair:4)
  8 worker ants
  A killer bee zombie (D:7)
  A hound zombie (D:3)
  A hound skeleton (D:5)
  A howler monkey zombie (D:7)
  10 gnolls
  8 adders
  3 shadow imps
  2 white imps
  3 ufetubi
  15 oozes
  An adder skeleton (D:7)
  2 dart slugs (D:1)
  5 leopard geckos
  23 orcs
  2 ball pythons
  7 giant cockroaches
  9 goblins
  10 hobgoblins
  8 jackals
  4 quokkas
  12 bats
  9 frilled lizards
  A jackal skeleton (D:6)
  6 kobolds
  A leopard gecko skeleton (D:7)
  6 rats
367 creatures vanquished.

Vanquished Creatures (collateral kills)
  Kirke (Lair:4)
  A death yak (Lair:5)
  A hog (Lair:4)
3 creatures vanquished.

Vanquished Creatures (others)
  77 fungi
  58 plants
135 creatures vanquished.

Grand Total: 505 creatures vanquished

Notes
Turn   | Place    | Note
-------+----------+-------------------------------------------
     0 | D:1      | tsouns the Octopode Venom Mage began the quest for the Orb.
     0 | D:1      | Reached XP level 1. HP: 11/11 MP: 3/3
   418 | D:1      | Reached XP level 2. HP: 16/17 MP: 1/5
   575 | D:1      | Learned a level 2 spell: Poisonous Vapours
   820 | D:1      | Reached skill level 1 in Shields
   820 | D:1      | Reached XP level 3. HP: 21/21 MP: 1/6
  1859 | D:2      | Found a shimmering blue altar of Sif Muna.
  1864 | D:2      | Became a worshipper of Sif Muna the Loreminder
  1954 | D:2      | Found a sacrificial altar of Ru.
  1957 | D:2      | Found a glowing silver altar of Zin.
  1968 | D:2      | Found a hide-covered altar of Uskayaw.
  2358 | D:2      | Reached XP level 4. HP: 24/27 MP: 7/7
  2365 | D:2      | Learned a level 3 spell: Mephitic Cloud
  2807 | D:3      | Reached skill level 1 in Conjurations
  2807 | D:3      | Reached skill level 1 in Air Magic
  2807 | D:3      | Reached XP level 5. HP: 19/31 MP: 6/9
  3202 | D:3      | Found a glowing golden altar of the Shining One.
  3373 | D:3      | Reached * piety under Sif Muna
  4223 | D:4      | Noticed an ogre
  4254 | D:4      | Killed an ogre
  4255 | D:4      | Reached skill level 5 in Poison Magic
  4255 | D:4      | Reached XP level 6. HP: 36/36 MP: 4/10
  4416 | D:4      | Found an ancient bone altar of Kikubaaqudgha.
  4509 | D:4      | Learned a level 3 spell: Ignite Poison
  4590 | D:4      | Noticed Edmund
  4633 | D:4      | Killed Edmund
  4634 | D:4      | Reached skill level 1 in Fire Magic
  4634 | D:4      | Reached XP level 7. HP: 28/41 MP: 4/12
  5082 | D:5      | Entered Level 5 of the Dungeon
  5838 | D:5      | Reached XP level 8. HP: 46/46 MP: 8/14
  6025 | D:5      | Reached ** piety under Sif Muna
  6725 | D:6      | Found a staircase to the Ecumenical Temple.
  6810 | D:6      | Got an encrusted quarterstaff
  6816 | D:6      | Identified the +0 quarterstaff of Ypreif {pain, rN+ Str-4
                  | Int+3 Stlth+} (You found it on level 6 of the Dungeon)
  6832 | D:6      | Reached skill level 5 in Spellcasting
  7719 | D:6      | Found a runed translucent door.
  7720 | D:6      | Noticed Crazy Yiuf
  7737 | D:6      | Killed Crazy Yiuf
  7950 | D:6      | Found a snail-covered altar of Cheibriados.
  8792 | D:7      | Found a white marble altar of Elyvilon.
  8798 | D:7      | Learned a level 4 spell: Olgreb's Toxic Radiance
  9107 | D:7      | Reached XP level 9. HP: 29/52 MP: 10/17
  9128 | D:7      | Reached skill level 1 in Fighting
  9583 | D:7      | Reached *** piety under Sif Muna
 11019 | D:8      | Noticed Maggie
 11035 | D:8      | Killed Maggie
 11036 | D:8      | Reached skill level 5 in Conjurations
 11424 | D:8      | Noticed Maurice
 11493 | D:8      | Killed Maurice
 11494 | D:8      | Reached XP level 10. HP: 65/65 MP: 13/20
 11545 | D:8      | Found Haepan's Armour Emporium.
 11623 | D:8      | Upgraded the game from 0.27-a0-385-g3208abaabc to
                  | 0.27-a0-406-g23f261fbd2
 11638 | D:8      | Reached skill level 5 in Fighting
 12678 | D:9      | Found a staircase to the Orcish Mines.
 13508 | D:9      | Found a staircase to the Lair.
 13884 | D:9      | Found a basalt altar of Yredelemnul.
 14331 | Lair:1   | Entered Level 1 of the Lair of Beasts
 14504 | Lair:1   | Learned a level 6 spell: Iron Shot
 14558 | Lair:1   | Reached skill level 1 in Earth Magic
 14569 | Lair:1   | Reached XP level 11. HP: 57/74 MP: 8/23
 15277 | Lair:2   | Found a staircase to the Shoals.
 15280 | Shoals:1 | Entered Level 1 of the Shoals
 16610 | Lair:2   | Noticed a seven-headed hydra
 16615 | Lair:2   | Killed a seven-headed hydra
 16615 | Lair:2   | Reached **** piety under Sif Muna
 17183 | Lair:2   | Learned a level 7 spell: Spellforged Servitor
 17548 | Lair:2   | Reached skill level 5 in Stealth
 17548 | Lair:2   | Reached skill level 1 in Summonings
 18307 | Lair:3   | Reached XP level 12. HP: 34/81 MP: 18/25
 18704 | Lair:3   | Reached skill level 5 in Earth Magic
 19492 | Lair:3   | Noticed an eight-headed hydra
 19497 | Lair:3   | Killed an eight-headed hydra
 19848 | Lair:3   | Noticed a seven-headed hydra
 19855 | Lair:3   | Killed a seven-headed hydra
 21244 | Lair:4   | Reached skill level 10 in Spellcasting
 21818 | Lair:4   | Reached ***** piety under Sif Muna
 21997 | Lair:4   | Found a hole to the Spider Nest.
 22775 | Lair:5   | You fall into a shaft and drop 1 floor!
 22775 | Lair:6   | Entered Level 6 of the Lair of Beasts
 22776 | Lair:6   | Noticed a boulder beetle
 22928 | Lair:5   | Noticed a rakshasa
 22932 | Lair:5   | Found a transporter.
 23264 | Lair:5   | Noticed Kirke
 24188 | Lair:5   | Reached XP level 13. HP: 86/86 MP: 14/27
 24206 | Lair:5   | Reached skill level 10 in Conjurations
 24206 | Lair:5   | Reached skill level 5 in Summonings
 24215 | Lair:5   | Identified Sif Muna's Reference Book on the Harmful Rocks
                  | (Sif Muna gifted it to you on level 5 of the Lair of
                  | Beasts)
 24215 | Lair:5   | Received a gift from Sif Muna
 24334 | Lair:4   | Killed Kirke
 24709 | Lair:5   | Found a staircase to the Slime Pits.
 25805 | Lair:5   | Found a transporter.
 25806 | Lair:5   | Found a one-way gate to the infinite horrors of the Abyss.
 25806 | Lair:5   | Noticed Seod's ghost (journeyman FoAK)
 26612 | Lair:6   | Reached skill level 10 in Stealth
 27240 | Lair:6   | HP: 1/86 [manticore (19)]
 27240 | Lair:6   | Slain by a manticore

Illustrated notes

Levels and vault maps discovered:
D:1:      heliophobic_arrival_ceremonial_halls, layout_basic,
          minmay_pentomino_s4
D:2:      layout_rooms, marbit_many_paths, nicolae_overflow_hidden_temple
D:3:      layout_basic, tso_metal_star
D:4:      layout_cave_pools, nicolae_overflow_crystal_walls, uniq_edmund
D:5:      old_forge, layout_basic
D:6:      layout_loops_ring, slow_altar_2, minmay_temple_entry_glassed_door,
          serial_co_window_serial, co_window_corner_a, co_window_corner_a,
          co_window_of_opportunity_a, co_window_corner_a, co_window_corner_a,
          co_window_of_opportunity_c, co_window_broadway_a, co_window_paths_c,
          co_window_paths_e, co_window_4corner_a, glass_columns_a,
          grunt_ministairs_1, uniq_crazy_yiuf_cottage
D:7:      kennysheep_seaside_town, layout_loops_ring, elyvilon_altar_5
D:8:      layout_gridville, serial_shops, nicolae_shop_crystal, dk_vineyard_2,
          uniq_maggie, uniq_maurice
D:9:      layout_roguey, kennysheep_little_box, erik_lair_dragon, david_orc_3
Lair:1:   layout_roguey
Lair:2:   layout_small_grid, shoals_dummy_entry, special_room [special_room_bee]
Lair:3:   lemuel_slime, layout_gridlike, special_room, beast_lair_carwin_11
Lair:4:   layout_regular_city, nicolae_spider_entry_orb_guardian
Lair:5:   layout_cave_pods, minmay_slime_entry_pillars,
          gammafunk_ghost_abyssal_escape, grunt_megastairs_3, lemuel_fruit_tree,
          uniq_kirke
Lair:6:   evilmike_catoblepas_cave, layout_loops_ring
Shoals:1: layout_shoals

Skill      XL: |  1  2  3  4  5  6  7  8  9 10 11 12 13 |
---------------+----------------------------------------+-----
Shields        | 1 2 3 4 |  4.0
Poison Magic   | 4 5 6 7 |  7.6
Transmutations | 2 |  2.0
Conjurations   | 1 2 5 7 8 9 10 | 10.5
Air Magic      | 1 2 |  2.1
Spellcasting   | 3 4 5 7 8 9 10 | 10.9
Fire Magic     | 1 2 4 |  4.3
Fighting       | 4 6 7 |  7.5
Earth Magic    | 1 4 6 |  6.2
Stealth        | 5 8 10 | 10.2
Dodging        | 3 |  3.2
Summonings     | 1 4 6 |  6.1
Invocations    | |  0.1

Action                   |  1- 3 |  4- 6 |  7- 9 | 10-12 | 13-15 || total
-------------------------+-------+-------+-------+-------+-------++-------
Melee: Unarmed           |     5 |       |       |       |       ||     5
       Constrict         |     7 |    10 |    47 |    38 |     6 ||   108
       Spear             |    23 |       |       |       |       ||    23
       Dagger            |     6 |    32 |   173 |       |       ||   211
       Tentacles         |     2 |     5 |    34 |    26 |    14 ||    81
       Quarterstaff      |       |       |     4 |       |       ||     4
       Long sword        |       |       |    14 |   141 |    66 ||   221
 Cast: Sting             |    17 |    18 |    59 |   180 |    11 ||   285
       Poisonous Vapours |    28 |    34 |    88 |   147 |    35 ||   332
       Mephitic Cloud    |       |       |    15 |    22 |       ||    37
       Ignite Poison     |       |       |     4 |       |       ||     4
       Olgreb's Toxic Ra |       |       |       |    12 |     5 ||    17
       Iron Shot         |       |       |       |    63 |    28 ||    91
       Spellforged Servi |       |       |       |       |     3 ||     3
Evoke: Wand              |       |       |       |    12 |       ||    12
  Use: Scroll            |       |     4 |     9 |    12 |       ||    25
       Potion            |       |       |       |     2 |     2 ||     4
 Stab: Sleeping          |       |     2 |     3 |     3 |       ||     8
       Confused          |       |       |     5 |     5 |       ||    10
       Distracted        |       |       |       |     1 |     1 ||     2
Armor: Skin              |     4 |     1 |     3 |     7 |     2 ||    17
Dodge: Dodged            |    24 |    13 |    66 |   143 |    44 ||   290
Block: Buckler           |    13 |    18 |    69 |   150 |    47 ||   297
       Reflection        |       |       |     1 |     5 |     3 ||     9
       Rpst.: Long sword |       |       |       |    42 |    14 ||    56

Table legend: (Time is in decaauts)
 A = Elapsed time spent in this place.
 B = Non-inter-level travel time spent in this place.
 C = Inter-level travel time spent in this place.
 D = Time resting spent in this place.
 E = Time spent auto-exploring this place.
 F = Levels seen in this place.
 G = Mean time per level.
                   A        B        C        D        E       F      G
               +--------+--------+--------+--------+--------+-----+--------+
         Total |  27352 |  26763 |    589 |     32 |  23308 |  16 | 1709.5 |
       Dungeon |  14348 |  13966 |    382 |     32 |  11985 |   9 | 1594.2 |
          Lair |  13002 |  12795 |    207 |      0 |  11323 |   6 | 2167.0 |
        Shoals |      1 |      1 |      0 |      0 |      0 |   1 |    1.0 |
               +--------+--------+--------+--------+--------+-----+--------+

Top non-repeatable levels by time:
  Lair:3: 2977 daAuts
  Lair:5: 2955 daAuts
  Lair:2: 2476 daAuts
     D:7: 2363 daAuts
  Lair:4: 2280 daAuts
     D:6: 2122 daAuts
     D:9: 1971 daAuts
     D:1: 1549 daAuts
     D:3: 1534 daAuts
     D:5: 1433 daAuts
     D:8: 1371 daAuts
  Lair:1: 1257 daAuts
  Lair:6: 1054 daAuts
     D:4: 1044 daAuts
     D:2: 957 daAuts
